 Dungeon Crawl Stone Soup version 0.29.1-debian-1-gc3f1650bb9 (webtiles) character file.

Game seed: 12630883973696732212

350 Iusername the Chopper (level 6, 0/56 HPs)
             Began as a Hill Orc Berserker on Sept 12, 2022.
             Was a Priest of Trog.
             Killed by nerve-wracking pain
             ... invoked by Grinder
              (12 damage)
             ... in a sewer.
             The game lasted 00:06:08 (5262 turns).

Iusername the Chopper (Hill Orc Berserker)          Turns: 5262, Time: 00:06:08

Health: 0/56       AC: 12    Str: 22    XL:     6   Next: 61%
Magic:  6/6        EV:  7    Int:  7    God:    Trog [***...]
Gold:   153        SH:  0    Dex: 10    Spells: 5/5 levels left

rFire   . . .      SeeInvis .   a - +0 hand axe
rCold   . . .      Faith    .   (no shield)
rNeg    . . .      Spirit   .   h - +0 plate armour
rPois   .          Reflect  .   (no helmet)
rElec   .          Harm     .   l - +0 cloak
rCorr   .          Rampage  .   (no gloves)
Will    .....                   (no boots)
Stlth   ..........              (no amulet)
HPRegen 0.18/turn               (no ring)
MPRegen 0.10/turn               (no ring)

@: on berserk cooldown, slowed, invisible, very slow
A: no striking features
a: Renounce Religion, Berserk, Trog's Hand


You were in a sewer.
You worshipped Trog.
Trog was most pleased with you.
You visited 1 branch of the dungeon, and saw 4 of its levels.
You also visited: Sewer.

You collected 153 gold pieces.

Inventory:

Hand Weapons
 a - a +0 hand axe (weapon)
Armour
 h - a +0 plate armour (worn)
 l - a +0 cloak (worn)
Scrolls
 c - a scroll of silence {unknown}
 j - a scroll of noise {unknown}
 k - a scroll of fear {unknown}
 m - 2 scrolls of identify {unknown}
 o - a scroll of blinking {unknown}
 p - 3 scrolls of teleportation {unknown}
Potions
 b - a potion of brilliance {unknown}
 d - 2 potions of degeneration {unknown}
 e - a potion of might {unknown}
 f - a potion of attraction {unknown}
 g - a potion of curing {unknown}
 i - 3 potions of invisibility
 n - 2 potions of berserk rage {unknown}


   Skills:
 + Level 5.3 Fighting
 + Level 7.1 Axes
 + Level 3.8 Armour
 + Level 2.1 Dodging
 + Level 0.1 Stealth


You had 5 spell levels left.
You didn't know any spells.
Your spell library was empty.

Dungeon Overview and Level Annotations

Branches:
Dungeon (4/15)              Sewer (1/1)
 Temple: D:4-7

Altars:
Gozag

Annotations:
Sewer Grinder


Message History

Grinder is heavily wounded.
You barely miss the shadow imp. Grinder hits you but does no damage.
The shadow imp hits you but does no damage.
Grinder hits you. The shadow imp barely misses you.
Grinder hits you but does no damage.
Unknown command.
You slash Grinder!
Grinder is severely wounded.
You hit the shadow imp. Grinder barely misses you. The shadow imp hits you.
Grinder gestures at you. Pain shoots through your body!
Unknown command.
You are too injured to fight recklessly!
Unknown command.
You are too injured to fight recklessly!
You hit Grinder but do no damage.
Grinder is severely wounded.
You closely miss the shadow imp. Grinder hits you but does no damage.
The shadow imp hits you but does no damage.
Grinder hits you.
You writhe in agony.
The shadow imp hits you but does no damage.
You closely miss Grinder.
Grinder is severely wounded.
You hit the shadow imp.
Grinder blinks!
The shadow imp hits you but does no damage.
Grinder gestures at you.
You suddenly lose the ability to move!
The shadow imp hits you but does no damage. x2
Grinder blinks! x2
The shadow imp gestures at you. Pain shoots through your body!
* * * LOW HITPOINT WARNING * * *
You can move again.
You see here a bat corpse.
It was a potion of invisibility.
You fade into invisibility!
Grinder says, "FISH!"
Grinder gestures at you. Pain shoots through your body!
You die...

#'#######≈#######+#
#..)...#...#......#
≈~~≈~.~.....~..~.≈#
#≈≈≈~≈≈#)..#≈~≈≈≈≈#
#########)#########
########...##########
≈≈≈≈~#...⌠...#≈~≈~≈≈##
.....'.......'......!###
....)'.⌠._.⌠.'..@5..!!∩#
.....'.......'.5....!###
≈≈≈≈~#..⌠.⌠..#~~≈~≈≈##
#######.....#########
##+++##


You could see Grinder (fast, unable to see you) and a shadow imp (unable to see
you).

Vanquished Creatures
  A kobold brigand (Sewer)
  A necrophage (Sewer)
  An orc priest (D:3)
  3 adders (D:3)
  A river rat (D:4)
  2 shadow imps (Sewer)
  4 ufetubi (Sewer)
  2 worms
  5 dart slugs
  5 orcs (D:3)
  A bat zombie (Sewer)
  7 endoplasms
  10 giant cockroaches
  6 hobgoblins
  6 jackals
  3 quokkas
  2 ball pythons
  7 bats
  5 frilled lizards
  3 goblins
  12 kobolds
  A kobold zombie (Sewer)
  8 rats
96 creatures vanquished.

Vanquished Creatures (others)
  A fungus (D:1)
  A plant (D:1)
2 creatures vanquished.

Grand Total: 98 creatures vanquished

Notes
Turn   | Place    | Note
-------+----------+-------------------------------------------
     0 | D:1      | Iusername the Hill Orc Berserker began the quest for the
                  | Orb.
     0 | D:1      | Reached XP level 1. HP: 19/19 MP: 1/1
   231 | D:1      | Reached XP level 2. HP: 16/27 MP: 2/2
   251 | D:1      | Found a faded altar of an unknown god.
  1387 | D:1      | Reached XP level 3. HP: 29/33 MP: 3/3
  1871 | D:2      | Reached ** piety under Trog
  2060 | D:2      | Found an opulent altar of Gozag.
  2739 | D:3      | Reached XP level 4. HP: 39/41 MP: 4/4
  2885 | D:3      | Reached skill level 5 in Axes
  3081 | D:3      | Reached XP level 5. HP: 26/47 MP: 5/5
  4102 | D:4      | Found a glowing drain.
  4110 | D:4      | Reached skill level 6 in Axes
  4115 | Sewer    | Entered a sewer
  4162 | Sewer    | Reached skill level 5 in Fighting
  4190 | Sewer    | Reached *** piety under Trog
  4813 | Sewer    | Found an ancient bone altar of Kikubaaqudgha.
  4813 | Sewer    | Noticed a kobold brigand
  4847 | Sewer    | Killed a kobold brigand
  4848 | Sewer    | Reached XP level 6. HP: 43/56 MP: 6/6
  4883 | Sewer    | Reached skill level 7 in Axes
  5238 | Sewer    | Noticed Grinder
  5257 | Sewer    | Paralysed by Grinder for 5 turns
  5262 | Sewer    | Killed from afar by Grinder

Illustrated notes

Levels and vault maps discovered:
D:1:      zelgadis_glass_arrival_small, layout_loops_ring,
          shapermc_ecumenical_altar_rom_forum
D:2:      layout_loops_corners, basic_altar, kennysheep_nondescript
D:3:      layout_loops_ring
D:4:      cheibrodos_quashed, layout_loops_ring, minmay_temple_entry_slanted,
          gup_sewer_entry_bubbles
Sewer:    kennysheep_sewer_church

Skill      XL: |  1  2  3  4  5  6 |
---------------+-------------------+-----
Fighting       | 4 5 |  5.3
Dodging        | 2 |  2.1
Axes           | 5 6 7 |  7.1
Armour         | 3 |  3.8
Stealth        | |  0.1

Action                   |  1- 3 |  4- 6 || total
-------------------------+-------+-------++-------
Melee: Hand axe          |   136 |   244 ||   380
       Punch             |       |     1 ||     1
Invok: Berserk           |       |     1 ||     1
  Use: Potion            |       |     1 ||     1
Armor: Animal skin       |    11 |       ||    11
       Plate armour      |    60 |   222 ||   282
Dodge: Dodged            |    73 |    84 ||   157
